 Dungeon Crawl Stone Soup version 0.17.1-1-g73c8601 (console) character file.

1048 Kloppie the Skirmisher (level 8, -10/70 HPs)
             Began as a Ghoul Gladiator on Dec 25, 2015.
             Mangled by a yak (13 damage)
             ... on level 5 of the Dungeon.
             The game lasted 00:09:35 (5259 turns).

Kloppie the Skirmisher (Ghoul Gladiator)            Turns: 5259, Time: 00:09:35

Health: -10/70     AC: 16    Str: 19    XL:     8   Next: 25%
Magic:  7/7        EV: 10    Int:  5    God:
Gold:   304        SH:  0    Dex:  9    Spells: 0 memorised, 7 levels left

rFire  . . .     SeeInvis .     a - +1 war axe
rCold  + . .     Clarity  .     C - +0 scale mail
rNeg   + + +     SustAt   .     (no shield)
rPois  ∞         Gourm    .     c - +1 helmet
rElec  .         Spirit   .     f - +1 cloak
rCorr  .         Warding  .     u - +2 pair of gloves
rMut   .         Stasis   .     b - +0 pair of boots
MR     .....                    (no amulet)
Stlth  ..........               (no ring)
                                (no ring)

@: rotting, not resistant to hostile enchantments, extremely unstealthy
A: rotting body, claws 1, carnivore 3, cold resistance 1, negative energy
resistance 3, slow regeneration 1, torment resistance, unbreathing
a: no special abilities


You were on level 5 of the Dungeon.
You were not hungry.

You visited 1 branch of the dungeon, and saw 6 of its levels.
You also visited: Sewer.

You collected 304 gold pieces.

Inventory:

Hand Weapons
 a - a +1 war axe (weapon)
Missiles
 d - 4 throwing nets (quivered)
Armour
 b - a +0 pair of boots (worn)
 c - a +1 helmet (worn)
 f - a +1 cloak (worn)
 u - a +2 pair of gloves (worn)
 C - a +0 scale mail (worn)
Jewellery
 r - an uncursed ring of ice
Wands
 A - a wand of hasting (9)
Scrolls
 g - 2 scrolls of teleportation
 m - a scroll of noise
 p - 2 scrolls of remove curse
 B - 3 scrolls of recharging
Potions
 j - a potion of haste {unknown}
 k - 2 potions of curing
 l - a potion of flight
 s - a potion of agility
 t - 4 potions of might
 v - a potion of brilliance
 x - a potion of mutation {unknown}
 z - a potion of berserk rage {unknown}
Books
 n - a book of Burglary

   Spells                             Type                      Level
   a - Swiftness                      Charms/Air                   2
   b - Passwall                       Transmutation/Earth          3
   c - Passage of Golubria            Translocation                4
   d - Lee's Rapid Deconstruction     Earth                        5
   e - Darkness                       Hexes                        6
   f - Invisibility                   Hexes                        6
Comestibles
 e - 5 meat rations
 h - a slice of pizza
 i - a royal jelly


   Skills:
 + Level 6.2 Fighting
 + Level 5.6 Axes
 - Level 1.7 Throwing
 + Level 4.8 Armour
 - Level 2.6 Dodging


You had 7 spell levels left.
You didn't know any spells.

Dungeon Overview and Level Annotations

Branches:
Dungeon (6/15)
 Temple: D:4-7

Altars:

Shops:
D:4 %*   D:6 %


Innate Abilities, Weirdness & Mutations

Your body is rotting away.
You thrive on raw meat.
You are immune to poison.
You have sharp fingernails.
You are carnivorous and can eat meat at any time.
Your flesh is cold resistant.
You are immune to negative energy.
You regenerate slowly when monsters are visible.
You are immune to unholy pain and torment.
You can survive without breathing.


Message History

The yak is moderately wounded.
The yak gores you but does no damage. x3
The yak gores you.
* * * LOW HITPOINT WARNING * * *
The yak barely misses you. The yak gores you.
* * * LOW HITPOINT WARNING * * *
The yak gores you but does no damage. The hound bites you but does no damage.
The hound bites you.
* * * LOW HITPOINT WARNING * * *
The hound bites you but does no damage.
The phantom blinks!
The hound bites you but does no damage.
The phantom blinks!
You closely miss the phantom. You barely miss the hound. You hit the yak.
The yak is severely wounded.
The hound bites you but does no damage. The yak gores you!
* * * LOW HITPOINT WARNING * * *
The hound bites you.
* * * LOW HITPOINT WARNING * * *
The phantom blinks!
The yak gores you!
You die...

######....##...........# #.
#.........##.......##### #.
#.........########.###### ..
#.........# #......# ..
#.........# #......###### ..
#......######## #.[....##...##..
..........(...# #...............
.##..##.(.....#####.....##...#...
.#8..8#..((.<..§@hYY....'†.......
...>.......(W.###Y......####.....
....[.........# #Y......# #.....
##8..8######### #.......# #.....
##..## ######### ##.### #### .#
.# .#


You could see 4 yaks, a phantom and a hound.

Vanquished Creatures
  A yak (D:5)
  An ogre (D:4)
  An ice beast (D:5)
  A centaur (D:5)
  A scorpion (D:3)
  An orc wizard (D:5)
  A centaur zombie (D:6)
  2 orc priests
  3 hounds (D:4)
  An iguana (D:6)
  3 worker ants
  3 gnolls
  14 adders
  An ooze (D:5)
  An adder skeleton (D:4)
  4 worms
  3 giant geckos
  10 orcs
  6 giant cockroaches
  7 hobgoblins
  13 jackals
  3 quokkas
  A ball python (D:2)
  13 bats
  2 giant newts (D:1)
  3 goblins
  A jackal skeleton (D:6)
  11 kobolds
  7 rats
119 creatures vanquished.

Notes
Turn   | Place    | Note
--------------------------------------------------------------
     0 | D:1      | Kloppie the Ghoul Gladiator began the quest for the Orb.
     0 | D:1      | Reached XP level 1. HP: 17/17 MP: 0/0
    51 | D:1      | Reached XP level 2. HP: 12/24 MP: 1/1
   340 | D:1      | Reached skill level 1 in Armour
   555 | D:1      | Reached XP level 3. HP: 26/30 MP: 2/2
   703 | D:1      | Reached skill level 3 in Axes
  1250 | D:1      | Reached XP level 4. HP: 20/38 MP: 3/3
  2336 | D:2      | Reached XP level 5. HP: 41/45 MP: 4/4
  2610 | D:3      | Reached skill level 4 in Fighting
  2610 | D:3      | Reached XP level 6. HP: 28/52 MP: 5/5
  3304 | D:4      | Found Vuwnid's General Store.
  3352 | D:4      | Found a glowing drain.
  3392 | Sewer    | Entered a sewer
  3446 | Sewer    | Noticed Purgy
  3447 | Sewer    | Noticed Gargoyl's ghost (amateur DsAK)
  3533 | D:4      | Found Kehyghy's Food Emporium.
  3715 | D:5      | Entered Level 5 of the Dungeon
  3753 | D:5      | HP: 2/52 [adder (3)]
  3921 | D:4      | Reached skill level 5 in Fighting
  3921 | D:4      | Reached XP level 7. HP: 44/61 MP: 6/6
  4175 | D:5      | Reached skill level 5 in Axes
  4218 | D:5      | Noticed a yak
  4219 | D:5      | Noticed a yak
  4312 | D:6      | Found Naipnaps's Food Emporium.
  4857 | D:5      | Reached XP level 8. HP: 65/70 MP: 7/7
  5233 | D:5      | Noticed a yak
  5235 | D:5      | Noticed a yak
  5236 | D:5      | Noticed a yak
  5248 | D:5      | Killed a yak
  5248 | D:5      | Reached skill level 6 in Fighting
  5259 | D:5      | HP: 3/70 [hound (3)]
  5259 | D:5      | Mangled by a yak

Action                   |  1- 3 |  4- 6 |  7- 9 || total
-------------------------+-------+-------+-------++-------
Melee: War axe           |   126 |   265 |   109 ||   500
  Use: Scroll            |       |       |    14 ||    14
  Eat: Chunk             |    11 |    24 |     4 ||    39
